Map: Deathaura LE

Players

Cham

  • Race: Zerg Zerg
  • League: Grandmaster
  • Spawn Location: 5:00

Kelazhur - Winner!

  • Race: Terran Terran
  • League: Master
  • Spawn Location: 11:00

Event: DreamHack SC2 Masters 2020 Summer Latin America

VOD

Have the link to the VOD?

Description

Time

  • Played on: June 28, 2020, 3:55 p.m.
  • Length: 23:47

All games in this series

Show
View Real Time Build Order
Export as new Build Order

Cham Zerg 

Build Orders: Hatch First 

Get SALT Encoding   

  12  0:00  Drone  
  13  0:09  Drone  
  14  0:17  Overlord  
  14  0:37  Drone x2  
  16  0:48  Hatchery  
  15  0:53  Drone  
  16  1:00  Drone  
  16  1:03  Drone  
  18  1:14  Extractor  
  18  1:16  Spawning Pool  
  16  1:20  Drone  
  16  1:24  Drone  
  18  1:33  Drone  
  19  1:43  Drone  
  20  1:54  Overlord  
  20  2:03  Zergling x2, Queen x2  
  20  2:04  Zergling x2  
  26  2:12  Drone  
  27  2:15  Drone  
  27  2:18  Metabolic Boost  
  28  2:32  Drone x2  
  30  2:40  Hatchery  
  30  2:41  Drone  
  30  2:44  Drone  
  31  2:50  Queen  
  33  2:55  Drone x2  
  35  3:00  Drone  
  36  3:07  Overlord  
  36  3:11  Overlord  
  36  3:27  Drone  
  36  3:28  Drone x5, Queen  
  44  3:40  Zergling x4  
  46  3:44  Zergling x2  
  46  3:45  Drone, Zergling x2  
  49  3:49  Drone  
  49  3:50  Drone  
  49  3:51  Drone  
  49  3:52  Overlord  
  49  3:54  Drone x2  
  54  3:55  Queen  
  55  4:07  Drone x3  
  57  4:10  Queen  
  57  4:12  Overlord  
  59  4:17  Zergling x10  
  59  4:19  Drone x2  
  59  4:22  Baneling Nest  
  59  4:23  Drone  
  65  4:25  Drone  
  65  4:27  Spore Crawler  
  65  4:29  Drone  
  65  4:30  Overlord  
  66  4:39  Spore Crawler, Zergling x6  
  66  4:43  Spore Crawler  
  66  4:45  Spore Crawler  
  66  4:49  Drone  
  66  4:50  Drone x2  
  66  4:51  Drone x2  
  66  4:52  Drone x2, Overlord  
  73  4:55  Drone  
  74  5:00  Lair  
  74  5:01  Overlord  
  74  5:02  Spore Crawler  
  74  5:04  Drone  
  74  5:05  Overlord  
  74  5:10  Evolution Chamber  
  74  5:11  Evolution Chamber  
  74  5:12  Drone x2  
  74  5:15  Overlord  
  74  5:18  Drone x3  
  77  5:24  Extractor  
  77  5:25  Extractor  
  77  5:26  Drone x4  
  77  5:27  Extractor  
  78  5:31  Overlord  
  78  5:32  Drone  
  78  5:33  Drone x2  
  81  5:38  Drone  
  82  5:43  Zergling x4  
  82  5:46  Roach Warren  
  82  5:48  Zergling x2  
  82  5:49  Zergling x2  
  82  5:52  Zerg Ground Armor Level 1  
  82  5:54  Drone  
  82  5:55  Drone x6  
  88  6:00  Drone  
  88  6:02  Drone, Extractor  
  89  6:07  Drone  
  89  6:08  Spire  
  89  6:11  Hatchery  
  89  6:17  Extractor  
  89  6:18  Drone x4  
  90  6:22  Queen  
  93  6:30  Drone x2  
  93  6:32  Overlord  
  93  6:36  Overlord  
  93  6:37  Zergling x4  
  93  6:38  Zergling x2  
  93  6:39  Roach x4  
  101  6:44  Extractor  
  101  6:46  Queen x2  
  101  6:50  Roach x2  
  104  7:01  Roach  
  104  7:02  Drone x4, Overlord  
  104  7:04  Spore Crawler, Overlord  
  107  7:11  Roach x3  
  101  7:33  Corruptor x8  
  115  7:42  Corruptor  
  110  7:49  Queen x3  
  107  7:53  Corruptor  
  106  7:59  Overlord  
  106  8:01  Overlord x2  
  91  8:17  Roach x2, Zergling x4  
  93  8:20  Corruptor  
  93  8:23  Drone x5  
  94  8:29  Drone x4  
  94  8:33  Drone  
  97  8:41  Corruptor x2  
  95  8:44  Drone  
  95  8:45  Drone  
  101  8:53  Drone  
  101  8:54  Drone x3  
  105  9:01  Overlord x3  
  105  9:07  Overlord  
  105  9:08  Zerg Flyer Weapons Level 1  
  105  9:11  Overlord  
  105  9:17  Overlord x2  
  105  9:19  Queen x2  
  105  9:20  Corruptor x2  
  105  9:21  Corruptor  
  115  9:24  Drone x2  
  115  9:26  Drone x2  
  115  9:30  Drone x3  
  122  9:35  Drone x4  
  122  9:36  Drone  
  122  9:38  Drone x2  
  129  9:40  Drone  
  129  9:45  Overlord  
  130  9:46  Drone x3  
  130  9:48  Drone  
  130  9:51  Corruptor  
  135  9:53  Infestation Pit  
  135  9:54  Drone  
  135  9:56  Roach x2  
  135  9:57  Glial Reconstitution  
  139  10:02  Drone  
  139  10:05  Drone x5  
  145  10:08  Extractor x2  
  143  10:16  Corruptor  
  143  10:17  Corruptor  
  143  10:20  Overlord  
  146  10:21  Roach  
  146  10:23  Corruptor x3  
  146  10:25  Overlord  
  146  10:27  Roach  
  146  10:28  Roach x2  
  159  10:30  Overlord  
  155  10:36  Infestor x2  
  148  10:51  Drone x4  
  149  10:59  Corruptor x4  
  149  11:03  Overlord  
  157  11:04  Hatchery  
  157  11:05  Zerg Missile Weapons Level 1  
  157  11:06  Zergling x4, Corruptor  
  157  11:07  Zergling x2  
  161  11:15  Overlord x2  
  161  11:17  Zerg Ground Armor Level 2  
  161  11:22  Drone, Overlord  
  161  11:25  Pneumatized Carapace  
  162  11:31  Overlord  
  162  11:33  Hatchery, Roach  
  162  11:34  Centrifical Hooks  
  162  11:38  Zerg Flyer Armor Level 1  
  163  11:41  Zergling x2  
  163  11:42  Zergling x20  
  163  11:44  Overlord  
  172  11:49  Roach x3, Zergling x4  
  172  11:50  Zergling x2  
  172  11:53  Roach x2, Zergling x2  
  180  11:57  Zergling x2  
  180  12:00  Baneling x4  
  180  12:01  Ravager  
  180  12:02  Ravager x3  
  180  12:04  Zergling x2  
  180  12:05  Zergling x2  
  183  12:10  Zergling x4  
  184  12:16  Zergling x4  
  184  12:18  Zergling x4  
  184  12:20  Zergling x4  
  184  12:22  Overlord x2  
  190  12:24  Drone  
  190  12:26  Spine Crawler  
  190  12:27  Drone x3  
  190  12:28  Spine Crawler x2  
  191  12:32  Zergling x2  
  190  12:40  Hatchery  
  190  12:43  Infestor  
  191  12:44  Corruptor x4  
  191  12:47  Drone  
  191  12:48  Hive  
  200  12:53  Spore Crawler, Spine Crawler x3  
  196  12:58  Drone  
  196  12:59  Drone x2  
  196  13:02  Overlord  
  196  13:03  Overlord x2  
  196  13:04  Zergling x2  
  200  13:05  Zerg Melee Weapons Level 1  
  200  13:11  Extractor x2  
  197  13:16  Zergling x2  
  197  13:17  Zergling x2  
  197  13:19  Baneling x11  
  198  13:23  Zergling x2  
  198  13:26  Zergling x2  
  189  13:48  Zergling x10  
  191  13:49  Baneling x2  
  191  13:50  Baneling x4  
  191  13:54  Zergling x4  
  188  13:55  Zerg Missile Weapons Level 2  
  188  13:59  Zergling x2  
  188  14:00  Zergling x6  
  192  14:06  Baneling x3  
  192  14:07  Zergling x8  
  192  14:09  Baneling x2  
  192  14:10  Baneling x5  
  184  14:19  Zergling x14  
  184  14:20  Zergling x4  
  184  14:21  Zergling x4  
  184  14:35  Zergling x12, Greater Spire  
  184  14:36  Zergling x8  
  184  14:45  Zergling x12  
  181  14:46  Zergling x10  
  181  14:50  Drone x4  
  187  14:53  Drone  
  187  14:54  Drone  
  187  14:59  Burrow  
  187  15:01  Baneling x5  
  187  15:03  Zergling x2  
  187  15:04  Baneling, Zergling x8  
  187  15:05  Baneling, Roach  
  187  15:06  Baneling x6  
  192  15:15  Drone x2  
  192  15:21  Overlord  
  194  15:23  Baneling x5  
  194  15:26  Hatchery  
  194  15:27  Hatchery  
  194  15:28  Overlord  
  192  15:32  Baneling  
  192  15:33  Baneling x6  
  176  15:50  Brood Lord  
  176  15:51  Brood Lord x11  
  198  16:05  Overlord  
  198  16:07  Spine Crawler x2  
  198  16:08  Baneling x9, Spine Crawler  
  198  16:09  Baneling  
  186  16:25  Spine Crawler  
  178  16:26  Spine Crawler  
  133  16:33  Roach  
  133  16:34  Roach x10, Zergling x6  
  133  16:35  Zergling x8  
  133  16:39  Zergling x2  
  157  16:40  Zergling x8  
  157  16:46  Zergling x6  
  157  16:47  Zergling x4  
  161  16:49  Baneling  
  161  16:50  Baneling x8  
  161  16:51  Ravager  
  156  17:15  Ravager x8  
  152  17:16  Ravager x3  
  152  17:19  Zergling x4  
  152  17:20  Zergling x2  
  155  17:24  Extractor  
  155  17:25  Zergling x2, Extractor  
  150  17:31  Zergling x6  
  139  17:43  Roach x3  
  139  17:44  Roach  
  119  17:48  Roach  
  119  17:50  Roach  
  109  18:01  Roach x3  
  109  18:02  Roach  
  117  18:08  Roach x4  
  125  18:18  Roach x3  
  130  18:21  Ravager x2  
  130  18:22  Ravager x2  
  127  18:38  Infestor x2  
  127  18:39  Infestor  
  131  18:41  Ravager x3  
  131  18:42  Ravager  
  134  18:59  Ravager  
  134  19:00  Ravager x2  
  138  19:02  Ravager  
  138  19:03  Ravager x2  
  138  19:06  Hatchery  
  139  19:10  Baneling  
  139  19:11  Baneling x4  
  138  19:18  Infestor x2  
  142  19:26  Zergling x8  
  142  19:30  Zergling x4  
  148  19:34  Neural Parasite  
  146  19:48  Roach  
  146  19:49  Roach, Zergling x4  
  146  19:50  Zergling x8  
  144  19:54  Roach  
  144  19:55  Roach  
  145  20:00  Roach x2  
  145  20:02  Baneling x2  
  148  20:10  Queen  
  148  20:15  Roach x3  
  148  20:17  Ravager x3  
  157  20:27  Roach x3  
  157  20:28  Roach  
  161  20:29  Ravager  
  161  20:33  Zergling x4  
  161  20:35  Zergling x2  
  163  20:43  Zergling x4  
  163  20:44  Zergling x2  
  166  20:54  Zergling x16  
  174  21:01  Roach x2  
  174  21:02  Zergling x2  
  179  21:11  Unknown x2, Drone x2  
  179  21:12  Infestor x2  
  179  21:17  Infestor  
  184  21:26  Zergling x2  
  184  21:27  Zergling x10  
  188  21:37  Corruptor x2  
  188  21:39  Baneling  
  192  21:40  Baneling x3  
  192  21:44  Zergling x2  
  192  21:45  Zergling x4  
  195  21:53  Baneling x11  
  190  22:05  Baneling x3  
  190  22:06  Baneling x6  
  115  22:27  Infestor x3, Roach x3  
  115  22:28  Roach  
  95  22:31  Roach  
  90  22:39  Infestor x2  
  94  22:45  Roach  
  94  22:46  Roach  
  94  22:49  Ravager x2  
  100  22:53  Ravager  
  100  22:55  Infestor  
  99  23:12  Drone x3  
  99  23:16  Zergling x2  
  99  23:17  Zergling x2  
Show
View Real Time Build Order
Export as new Build Order

Kelazhur Terran - Winner!

Build Orders: Reaper Expand 

Get SALT Encoding   

  12  0:00  SCV  
  13  0:12  SCV  
  14  0:17  Supply Depot  
  14  0:25  SCV  
  15  0:38  SCV  
  15  0:40  Barracks  
  16  0:43  Refinery  
  16  0:50  SCV  
  17  1:02  SCV  
  18  1:15  SCV  
  19  1:28  Orbital Command, Reaper  
  20  1:37  Command Center  
  20  1:47  Supply Depot  
  20  1:54  SCV  
  21  2:00  Marine  
  22  2:04  Factory  
  22  2:06  SCV  
  23  2:13  Refinery  
  23  2:18  SCV  
  23  2:22  Barracks Reactor  
  24  2:30  SCV  
  25  2:42  SCV  
  26  2:51  Orbital Command  
  26  2:53  Starport  
  26  2:54  SCV  
  27  3:05  Hellion x2  
  31  3:06  SCV  
  32  3:14  Refinery  
  32  3:18  SCV x2  
  34  3:28  Starport  
  34  3:30  SCV  
  34  3:31  Hellion x2  
  39  3:36  SCV  
  39  3:40  Fusion Core  
  40  3:43  SCV  
  41  3:48  SCV  
  41  3:49  Refinery, Supply Depot  
  41  3:51  Starport Tech Lab  
  42  3:55  SCV  
  42  4:02  SCV  
  44  4:08  SCV  
  45  4:14  Starport Tech Lab, SCV  
  50  4:17  Supply Depot  
  50  4:20  Supply Depot, SCV  
  47  4:27  SCV  
  47  4:30  Battlecruiser  
  54  4:39  SCV  
  54  4:43  SCV  
  56  4:49  Battlecruiser  
  56  4:52  Supply Depot  
  62  4:53  SCV  
  62  4:57  SCV  
  64  5:04  Weapon Refit  
  64  5:05  SCV  
  65  5:15  SCV  
  65  5:18  SCV  
  65  5:20  Hellion x2  
  71  5:25  Supply Depot  
  71  5:33  SCV  
  71  5:34  SCV  
  73  5:45  SCV  
  73  5:46  Battlecruiser  
  73  5:47  SCV  
  81  5:53  Supply Depot  
  81  5:54  Supply Depot  
  81  5:55  Command Center  
  81  6:11  SCV  
  82  6:13  Hellion x2  
  82  6:15  SCV, Battlecruiser  
  82  6:16  Supply Depot  
  82  6:17  Supply Depot  
  94  6:25  SCV  
  94  6:27  Supply Depot, Armory  
  94  6:35  Hellion x2  
  94  6:37  Supply Depot  
  94  6:39  Supply Depot  
  98  6:40  SCV  
  98  6:43  SCV  
  100  6:55  SCV  
  100  6:56  Hellion x2  
  100  6:59  Supply Depot  
  105  7:03  Factory, SCV  
  105  7:04  Factory  
  104  7:17  Hellion x2  
  104  7:18  Battlecruiser  
  104  7:19  SCV  
  111  7:28  SCV  
  111  7:29  Orbital Command  
  105  7:39  Hellion  
  105  7:41  SCV  
  105  7:47  SCV  
  99  8:00  Battlecruiser  
  99  8:03  SCV  
  106  8:16  Hellion  
  106  8:17  SCV  
  106  8:19  Orbital Command  
  109  8:22  Battlecruiser  
  109  8:25  SCV  
  116  8:37  Engineering Bay  
  116  8:41  SCV  
  110  8:47  Factory Tech Lab x2  
  104  8:57  SCV  
  104  9:01  Refinery x2  
  104  9:02  SCV x2  
  107  9:05  Missile Turret  
  107  9:06  Missile Turret  
  107  9:07  Missile Turret  
  107  9:09  Command Center, SCV  
  108  9:13  Siege Tank x2  
  108  9:16  SCV x2  
  116  9:18  Supply Depot, Terran Vehicle Weapons Level 1  
  116  9:21  SCV  
  117  9:28  SCV  
  117  9:29  Supply Depot  
  118  9:33  Factory  
  118  9:34  Factory  
  118  9:35  SCV, Missile Turret  
  119  9:39  Hellion  
  119  9:40  Hellion  
  119  9:43  Supply Depot  
  123  9:50  Siege Tank x2  
  129  10:04  Infernal Pre-Igniter, Hellion x2, Mag-Field Accelerator  
  131  10:09  Armory, SCV x3  
  134  10:24  Factory Reactor, Factory Tech Lab  
  134  10:25  Cyclone x2  
  140  10:41  Hellion x2  
  144  10:43  SCV x2  
  146  10:52  Cyclone  
  146  10:53  SCV  
  146  10:55  SCV  
  151  11:01  Command Center  
  151  11:02  Cyclone x2  
  157  11:06  Terran Vehicle And Ship Armor Level 1  
  157  11:07  Hellion x4  
  157  11:08  Refinery x2, SCV x2  
  157  11:09  SCV  
  168  11:17  Missile Turret  
  168  11:20  SCV  
  168  11:21  SCV x2  
  171  11:29  Hellion  
  171  11:30  Hellion x3  
  179  11:37  Siege Tank  
  182  11:41  Siege Tank  
  182  11:44  Planetary Fortress  
  183  11:53  Siege Tank, Hellion x2  
  182  12:06  Terran Vehicle Weapons Level 2  
  182  12:08  Hellion x2  
  186  12:13  Thor x2  
  196  12:26  Command Center  
  196  12:52  Factory  
  196  12:53  Factory  
  196  12:54  Factory  
  196  12:58  Missile Turret  
  196  13:08  Terran Vehicle And Ship Armor Level 2  
  196  13:34  Command Center  
  190  13:37  Command Center  
  190  13:39  Thor x3  
  190  13:40  Factory Reactor, Factory Tech Lab x2  
  172  13:57  Hellion x4  
  172  13:59  Planetary Fortress  
  180  14:04  Smart Servos  
  178  14:17  Thor x2  
  174  14:21  Hellion x5, Thor  
  192  14:27  Command Center  
  192  14:31  Command Center  
  179  14:40  Siege Tank x2  
  185  14:51  Hellion x4  
  185  14:52  Hellion  
  193  15:05  Terran Vehicle Weapons Level 3  
  193  15:07  Thor  
  193  15:08  Orbital Command x3  
  199  15:19  Hi-Sec Auto Tracking  
  199  15:20  Missile Turret  
  199  15:35  Refinery, Sensor Tower  
  199  15:36  Refinery  
  199  15:39  Sensor Tower  
  195  15:51  Orbital Command  
  195  15:56  Terran Vehicle And Ship Armor Level 3  
  195  16:06  Hellion  
  195  16:07  Hellion  
  199  16:14  Command Center  
  199  16:16  Command Center, Neosteel Armor  
  195  16:30  Thor x2  
  195  16:31  Thor x2  
  197  16:33  Hellion  
  197  16:34  Hellion x3  
  186  16:45  Hellion  
  186  16:46  Hellion x2  
  177  17:07  Hellion x4  
  184  17:08  Hellion  
  184  17:12  Hellion  
  198  17:30  Planetary Fortress  
  189  17:42  Terran Ship Weapons Level 1  
  143  17:45  Refinery  
  123  17:58  Cyclone x5  
  120  18:00  Hellion x5  
  120  18:01  Hellion  
  132  18:12  Missile Turret x2  
  128  18:29  Thor  
  128  18:30  Thor x2  
  144  18:36  Thor  
  144  18:38  Hellion x6  
  144  18:41  Refinery  
  156  18:50  Sensor Tower  
  156  18:51  Thor  
  156  18:52  Missile Turret  
  156  18:53  Missile Turret  
  156  18:54  Planetary Fortress  
  162  19:00  Unknown  
  162  19:01  Planetary Fortress  
  162  19:06  Unknown  
  162  19:08  Hellion x5  
  172  19:12  Thor  
  178  19:17  Missile Turret  
  178  19:35  Starport  
  178  19:36  Starport  
  178  19:40  Siege Tank x4  
  178  19:43  Hellion  
  190  19:49  Hellion x3  
  196  19:53  Hellion x2  
  196  19:55  Hellion x7  
  192  20:01  Command Center  
  192  20:10  Banshee  
  173  20:25  Terran Ship Weapons Level 2  
  173  20:32  Siege Tank x4  
  173  20:33  Hellion x3  
  191  20:42  Sensor Tower  
  191  20:47  Command Center  
  181  21:01  Command Center  
  181  21:05  Banshee  
  184  21:11  Siege Tank x3  
  184  21:12  Siege Tank x2  
  184  21:18  Hyperflight Rotors  
  199  21:19  Starport Tech Lab x2  
  176  22:16  Thor x2  
  176  22:17  Thor  
  176  22:20  Thor x2  
  176  22:21  Hellion x5, Battlecruiser x2  
  179  22:25  Battlecruiser  
  149  22:46  Hellion x5  
  159  22:55  Sensor Tower  
  159  22:56  Missile Turret  
  159  22:57  Refinery  
  159  22:58  Missile Turret  
  157  22:59  Refinery  
Tags
 
Add a new tag
Caveats
  • Supply blocks, unpowered buildings, or Contaminate may cause inaccurate times.
  • Supply counts are checked every 10 seconds.